 Dungeon Crawl Stone Soup version 0.22-a0-757-gdba82d8 (webtiles) character file.

710 Hebeh the Magician (level 7, -9/36 HPs)
             Began as a Deep Elf Fire Elementalist on July 16, 2018.
             Was a Follower of Vehumet.
             Mangled by an orc warrior
             ... wielding a +0 long sword
              (16 damage)
             ... on level 6 of the Dungeon.
             The game lasted 00:24:55 (6312 turns).

Hebeh the Magician (Deep Elf Fire Elementalist)     Turns: 6312, Time: 00:24:55

Health: -9/36      AC:  3    Str:  5    XL:     7   Next: 40%
Magic:  0/18       EV: 14    Int: 22    God:    Vehumet [*.....]
Gold:   59         SH:  0    Dex: 15    Spells: 11/18 levels left

rFire    . . .     SeeInvis .   a - +2 dagger (speed)
rCold    . . .     Gourm    .   (no shield)
rNeg     . . .     Faith    .   k - +0 robe
rPois    .         Spirit   .   (no helmet)
rElec    .         Reflect  .   (no cloak)
rCorr    .         Harm     .   (no gloves)
MR       .....                  b - +0 pair of boots
Stlth    ++........             (no amulet)
HPRegen  0.12/turn              (no ring)
MPRegen  0.16/turn              (no ring)

@: lethally poisoned (-9 -> -10)
A: no striking features
a: Renounce Religion


You were on level 6 of the Dungeon.
You worshipped Vehumet.
Vehumet was aware of your devotion.
You were not hungry.

You visited 1 branch of the dungeon, and saw 6 of its levels.

You collected 191 gold pieces.
You spent 132 gold pieces at shops.

Inventory:

Hand Weapons
 a - a +2 dagger of speed (weapon)
Missiles
 j - 222 stones
 l - 90 bolts
 o - 4 tomahawks of returning
 p - 12 arrows
 q - 4 javelins (quivered)
 t - 51 sling bullets
Armour
 b - a +0 pair of boots (worn)
 k - a +0 robe (worn)
Wands
 y - a wand of paralysis (21)
Scrolls
 d - 4 scrolls of identify {unknown}
 e - 3 scrolls of teleportation
 f - a scroll of immolation {unknown}
 h - a scroll of fog {unknown}
 i - 6 scrolls of remove curse
 m - a scroll of magic mapping {unknown}
 n - a scroll of blinking {unknown}
 s - 2 scrolls of enchant weapon {unknown}
 u - a scroll of fear {unknown}
Potions
 g - a potion of mutation {unknown}
 r - 3 potions of lignification {unknown}
 v - a potion of brilliance {unknown}
 w - 2 potions of curing
Comestibles
 c - 3 rations
 z - 5 chunks of flesh


   Skills:
 + Level 3.5 Dodging
 - Level 2.4 Stealth
 * Level 6.2 Spellcasting
 * Level 5.5 Conjurations
 * Level 5.7 Fire Magic


You had 11 spell levels left.
You knew the following spells:

 Your Spells              Type           Power        Failure   Level  Hunger
a - Flame Tongue          Conj/Fire      ####.        1%          1    None
b - Magic Dart            Conj           ####         1%          1    None
c - Conjure Flame         Conj/Fire      ####....     2%          3    #......
d - Throw Flame           Conj/Fire      ####..       1%          2    None

Your spell library contained the following spells:

 Spells                   Type           Power        Failure   Level  Hunger
 Fireball                 Conj/Fire      ####......   24%         5    #####..
 Slow                     Hex            #.......     14%         2    None
 Mephitic Cloud           Conj/Pois/Air  ###.....     13%         3    #......
 Blink                    Tloc           N/A          14%         2    None
 Sticky Flame             Conj/Fire      ####....     9%          4    ###....
 Call Imp                 Summ           #.......     14%         2    None
 Inner Flame              Hex/Fire       ###.....     9%          3    #......


Dungeon Overview and Level Annotations

Branches:
Dungeon (6/15)             Temple (0/1) D:5

Altars:
Cheibriados
Dithmenos
Elyvilon
Vehumet
Wu Jian
Yredelemnul

Shops:
D:4 !

Annotations:
D:2 exclusion: upstairs
D:4 3 runed doors, azzavlup's ghost, amateur VSFi


Message History

You hit the orc warrior but do no damage.
The orc warrior is heavily wounded.
You hit the orc warrior but do no damage.
The orc warrior is heavily wounded.
The orc warrior hits you with a long sword!
* * * LOW HITPOINT WARNING * * *
You closely miss the orc warrior.
The orc warrior is heavily wounded.
Casting: Flame Tongue (safe; 1% risk of failure)
Confirm with . or Enter, or press ? or * to list all spells.
Aiming: Flame Tongue (safe; 1% risk of failure)
Press: ? - help, Shift-Dir - straight line, f/p - orc warrior
Aim: an orc warrior, wielding a long sword and wearing a plate armour (heavily wounded)
The flame tongue hits the orc warrior.
The orc warrior appears unharmed.
The orc warrior is heavily wounded.
You feel sick. The orc warrior misses you.
You hit the orc warrior.
The orc warrior is heavily wounded.
The orc warrior hits you with a long sword!
You die...

#.......(>#
###.####.##
#####
#).....#
....#
#..#####
##...# #..#
##.....##..#
...........#
#....†###.#
#.....o@.#
##########


You could see an orc warrior.

Vanquished Creatures
  A necrophage (D:5)
  An ogre (D:6)
  A bullfrog (D:6)
  A scorpion (D:5)
  A crimson imp (D:5)
  2 hounds
  An orc priest (D:6)
  3 orc wizards
  2 worker ants
  4 adders
  A shadow imp (D:5)
  An ooze (D:1)
  2 worms
  2 dart slugs
  3 leopard geckos
  20 orcs
  8 bats
  3 giant cockroaches
  4 goblins
  4 hobgoblins
  19 jackals
  A quokka (D:2)
  2 frilled lizards
  9 kobolds
  7 rats
103 creatures vanquished.

Vanquished Creatures (others)
  A quokka (D:2)
1 creature vanquished.

Grand Total: 104 creatures vanquished

Notes
Turn   | Place    | Note
-------+----------+-------------------------------------------
     0 | D:1      | Hebeh the Deep Elf Fire Elementalist began the quest for the Orb.
     0 | D:1      | Reached XP level 1. HP: 10/10 MP: 6/6
   247 | D:1      | Reached XP level 2. HP: 15/15 MP: 6/8
   655 | D:1      | Reached XP level 3. HP: 19/19 MP: 8/10
  1298 | D:2      | Found a radiant altar of Vehumet.
  2153 | D:2      | Became a worshipper of Vehumet
  2177 | D:3      | Learned a level 2 spell: Throw Flame
  2181 | D:3      | Learned a level 3 spell: Conjure Flame
  2502 | D:3      | Found a snail-covered altar of Cheibriados.
  2506 | D:3      | Reached XP level 4. HP: 24/24 MP: 9/11
  2861 | D:3      | Found a white marble altar of Elyvilon.
  2864 | D:3      | Found a faded altar of an unknown god.
  2958 | D:3      | Reached skill level 4 in Spellcasting
  3016 | D:3      | HP: 1/24 [crimson imp (3)]
  3041 | D:4      | Found Coplun's Distillery.
  3440 | D:3      | Found a basalt altar of Yredelemnul.
  3444 | D:3      | Found an ornate altar of the Wu Jian Council.
  3449 | D:3      | Found a shadowy altar of Dithmenos.
  3902 | D:4      | Reached XP level 5. HP: 28/28 MP: 5/13
  4542 | D:4      | Reached * piety under Vehumet
  4542 | D:4      | Offered knowledge of Magic Dart by Vehumet.
  4751 | D:4      | Learned a level 1 spell: Magic Dart
  4753 | D:4      | Found a runed gate.
  4754 | D:4      | Found a runed gate.
  4755 | D:4      | Found a runed gate.
  4756 | D:4      | Noticed azzavlup's ghost (amateur VSFi)
  4883 | D:4      | Bought a potion of curing for 36 gold pieces
  4883 | D:4      | Bought a potion of curing for 36 gold pieces
  4883 | D:4      | Bought a potion of heal wounds for 60 gold pieces
  5170 | D:5      | Entered Level 5 of the Dungeon
  5311 | D:5      | Reached skill level 5 in Spellcasting
  5311 | D:5      | Reached XP level 6. HP: 32/32 MP: 7/15
  5383 | D:5      | Found a staircase to the Ecumenical Temple.
  5623 | D:5      | Reached skill level 5 in Fire Magic
  5820 | D:5      | Reached skill level 5 in Conjurations
  5941 | D:5      | You fall through a shaft!
  6186 | D:6      | Noticed an orc warrior
  6218 | D:6      | Reached XP level 7. HP: 36/36 MP: 7/17
  6225 | D:6      | Reached skill level 6 in Spellcasting
  6312 | D:6      | Mangled by an orc warrior

Vault maps used:
D:1:      minmay_arrival_four_circles
D:2:      fiery_altar_vehumet, first_ration, minmay_distorted
D:3:      elyvilon_altar_4, minmay_overflow_temple_star_quad,
          cheibriados_altar_1, chequers_ecumenical_altar_simple
D:4:      serial_shops, shop, gammafunk_ghost_necromancy,
          palyth_stone_intersect, minmay_misc_feat_encased
D:5:      marbit_many_paths, minmay_temple_entry_large_hall,
          okawaru_ov_weapons_minmay
D:6:      kennysheep_mini

Skill      XL: |  1  2  3  4  5  6  7 |
---------------+----------------------+-----
Conjurations   | 2 3 4 5 |  5.5
Spellcasting   | 4 5 6 |  6.2
Fire Magic     | 4 5 |  5.7
Dodging        | 3 |  3.5
Stealth        | |  2.4

Action                   |  1- 3 |  4- 6 |  7- 9 || total
-------------------------+-------+-------+-------++-------
Melee: Dagger            |       |    89 |     8 ||    97
Throw: Javelin           |    22 |     9 |       ||    31
       Stone             |       |     1 |       ||     1
 Cast: Flame Tongue      |    53 |    73 |    17 ||   143
       Throw Flame       |       |    11 |       ||    11
       Conjure Flame     |       |     3 |     2 ||     5
       Magic Dart        |       |    55 |     5 ||    60
  Use: Scroll            |       |     3 |       ||     3
       Potion            |       |       |     1 ||     1
  Eat: Chunk             |     3 |     3 |       ||     6
       Ration            |     1 |     2 |       ||     3
Armor: Robe              |     1 |     9 |       ||    10
Dodge: Dodged            |     7 |    63 |     6 ||    76

Table legend:
 A = Spawn XP
 B = Non-spawn XP
 C = Spawn XP percentage of total XP
 D = Spawn monster count
 E = Non-spawn monster count
 F = Spawn count percentage of total count
 G = Total turns spent on level
                    A         B        C        D         E        F      G
               +---------+---------+-------+---------+---------+-------+---------
         Total |       0 |    1015 |   0.0 |       0 |     103 |   0.0 |  6312
               +---------+---------+-------+---------+---------+-------+---------
           D:1 |       0 |      43 |   0.0 |       0 |      22 |   0.0 |  1227
           D:2 |       0 |      37 |   0.0 |       0 |      16 |   0.0 |   946
           D:3 |       0 |      96 |   0.0 |       0 |      22 |   0.0 |  1684
           D:4 |       0 |     149 |   0.0 |       0 |      12 |   0.0 |  1368
           D:5 |       0 |     337 |   0.0 |       0 |      18 |   0.0 |   716
           D:6 |       0 |     353 |   0.0 |       0 |      13 |   0.0 |   371
               +---------+---------+-------+---------+---------+-------+---------
